 Dungeon Crawl Stone Soup version 0.28.0 (webtiles) character file.

Game seed: 11174972432272781724

7 KamiKatze the Skirmisher (level 2, 0/19 HPs)
             Began as a Gargoyle Berserker on Feb 8, 2022.
             Was a Follower of Trog.
             Frozen to death by an endoplasm (5 damage)
             ... on level 1 of the Dungeon.
             The game lasted 00:01:38 (204 turns).

KamiKatze the Skirmisher (Gargoyle Berserker)        Turns: 204, Time: 00:01:42

Health: 0/19       AC:  4    Str: 20    XL:     2   Next: 0%
Magic:  2/2        EV: 11    Int:  7    God:    Trog [*.....]
Gold:   11         SH:  0    Dex:  9    Spells: 1/1 levels left

rFire   . . .      SeeInvis .   a - +0 hand axe
rCold   . . .      Faith    .   (no shield)
rNeg    + . .      Spirit   .   b - +0 animal skin
rPois   ∞          Reflect  .   (no helmet)
rElec   +          Harm     .   (no cloak)
rCorr   .          Rampage  .   (no gloves)
Will    .....                   (no boots)
Stlth   +.........              (no amulet)
HPRegen 0.06/turn               (no ring)
MPRegen 0.08/turn               (no ring)

@: no status effects
A: sickness immunity, AC +2, negative energy resistance 1, electricity
resistance, torment resistance 1, petrification resistance
a: Renounce Religion, Berserk


You were on level 1 of the Dungeon.
You worshipped Trog.
Trog was aware of your devotion.
You visited 1 branch of the dungeon, and saw 1 of its levels.

You collected 11 gold pieces.

Inventory:

Hand Weapons
 a - a +0 hand axe (weapon)
Armour
 b - a +0 animal skin (worn)
Scrolls
 c - a scroll of acquirement {unknown}


   Skills:
 + Level 3.5 Fighting
 * Level 3.0 Axes
 - Level 2.1 Armour
 - Level 1.5 Dodging


You had one spell level left.
You didn't know any spells.
Your spell library was empty.

Dungeon Overview and Level Annotations

Branches:
Dungeon (1/15)

Altars:


Innate Abilities, Weirdness & Mutations

You are immune to sickness and miasma.
Your stone body is resilient. (AC +2)
You are immune to poison.
You resist negative energy. (rN+)
You are resistant to electric shocks. (rElec)
You are resistant to unholy torment.
You are immune to petrification.


Message History

You kill the kobold!
Trog accepts your kill.
You have reached level 2!
Things that are here:
a +3 whip; a kobold corpse You see here 22 arrows.
There is an open door here.
There is a staircase leading out of the dungeon here.
You start resting.
You feel yourself speed up.
You start resting.
You recover from your berserk rage.
There is an open door here.
You see here 22 arrows.
An endoplasm comes into view.
The endoplasm quivers.
The endoplasm jiggles.
You see here a rat corpse.
The endoplasm jiggles.
You see here a +0 club.
Things that are here:
a +3 whip; a kobold corpse You hit the endoplasm.
The endoplasm is severely wounded.
You hit the bush but do no damage. x2; You hit the plant.
The plant begins to die.
The endoplasm hits you but does no damage. x2
You barely miss the endoplasm.
The endoplasm is severely wounded.
You hit the bush. You hit the bush but do no damage. You hit the plant.
The endoplasm freezes you.
You are frozen.
* * * LOW HITPOINT WARNING * * *
You hit the endoplasm but do no damage.
The endoplasm is severely wounded.
You hit the bush but do no damage. x2; You hit the plant.
A nearby plant withers and dies.
The endoplasm freezes you.
You are frozen.
You die...

.##...#...##.......#
.....##.♣♣♣♣♣......#
.....###♣♣P♣♣.#....#
....)##.......#....##
##....#.♣PP.♣##.....##
###...J.♣♣♣♣♣.#......#
..............♣♣♣.♣♣.#
.###......†..♣♣P.J...#
#.........♣♣♣@♣♣♣##
#########.♣P.P♣
#.P.P♣♣ #.♣.P♣ #.♣.♣♣
#...# #####


You could see an endoplasm.

Vanquished Creatures
  An endoplasm (D:1)
  2 goblins (D:1)
  A quokka (D:1)
  A kobold (D:1)
  A rat (D:1)
6 creatures vanquished.

Vanquished Creatures (others)
  A plant (D:1)
1 creature vanquished.

Grand Total: 7 creatures vanquished

Notes
Turn   | Place    | Note
-------+----------+-------------------------------------------
     0 | D:1      | KamiKatze the Gargoyle Berserker began the quest for the
                  | Orb.
     0 | D:1      | Reached XP level 1. HP: 14/14 MP: 1/1
    78 | D:1      | Reached XP level 2. HP: 1/19 MP: 2/2
   204 | D:1      | Frozen to death by an endoplasm

Illustrated notes

Levels and vault maps discovered:
D:1:      amcnicky_arrival_choice, layout_rooms, serial_forest,
          infiniplex_forest_straight_4, infiniplex_forest_straight_4,
          infiniplex_forest_end_2, infiniplex_forest_lined_3,
          infiniplex_forest_lined_4_way, infiniplex_forest_end_double,
          infiniplex_forest_lined_ring, infiniplex_forest_straight_2,
          infiniplex_forest_clump_small, infiniplex_forest_corner_2,
          ebering_ecumenical_altar_rust, grunt_decor_clamped,
          corexii_corridor_pit, hangedman_glass_teeth

Skill      XL: |  1 |
---------------+----+-----
Axes           | 3 |  3.0
Fighting       | |  3.5
Armour         | |  2.1
Dodging        | |  1.5

Action                   || total
-------------------------++-------
Melee: Hand axe          ||    16
Invok: Berserk           ||     1
Armor: Animal skin       ||     6
Dodge: Dodged            ||     5
